Map: Blueshift LE

Players

DrunkenSCV - Winner!

  • Race: Terran Terran
  • League: Master
  • Spawn Location: 7:00

ZESTisBEST

  • Race: Protoss Protoss
  • League: Master
  • Spawn Location: 1:00

VOD

Have the link to the VOD?

Description

Time

  • Played on: Dec. 22, 2018, 8:35 a.m.
  • Length: 10:34
Show
View Real Time Build Order
Export as new Build Order

DrunkenSCV Terran - Winner!

Build Orders: Reaper Expand, Banshee Rush 

Get SALT Encoding   

  12  0:01  SCV  
  13  0:13  SCV  
  14  0:17  Supply Depot  
  14  0:25  SCV  
  15  0:39  SCV, Barracks  
  16  0:43  Refinery  
  16  0:51  SCV  
  17  1:03  SCV  
  18  1:15  SCV  
  19  1:27  Orbital Command  
  19  1:28  Reaper  
  20  1:42  Command Center  
  20  1:54  SCV  
  20  1:56  Supply Depot  
  20  1:59  Marine  
  22  2:06  SCV  
  23  2:08  Factory  
  23  2:14  Refinery  
  23  2:18  SCV  
  23  2:21  Barracks Reactor  
  24  2:30  SCV  
  25  2:42  SCV  
  26  2:54  Starport  
  26  2:56  SCV, Orbital Command  
  29  3:02  Marine  
  29  3:03  Marine  
  29  3:05  Widow Mine  
  31  3:08  SCV  
  32  3:20  SCV, Marine x2  
  34  3:28  Factory Tech Lab  
  34  3:30  SCV  
  34  3:32  SCV  
  34  3:33  Starport Tech Lab  
  36  3:38  Marine x2  
  36  3:39  Supply Depot  
  38  3:42  SCV  
  38  3:44  SCV  
  43  3:52  Banshee, Cloaking Field  
  43  3:54  SCV  
  44  3:56  Marine  
  44  3:57  SCV  
  44  4:00  Marine, Supply Depot  
  44  4:02  Siege Tank  
  50  4:06  SCV  
  50  4:09  SCV  
  52  4:14  Marine  
  53  4:18  Marine, Command Center  
  53  4:22  SCV  
  55  4:30  SCV  
  56  4:32  Marine  
  56  4:33  Supply Depot  
  56  4:35  Siege Tank, Marine  
  61  4:41  SCV  
  61  4:42  Barracks x2  
  62  4:54  SCV, Banshee  
  62  4:58  Marine  
  62  4:59  SCV, Marine  
  69  5:02  Refinery x2  
  69  5:04  Supply Depot  
  69  5:06  SCV  
  68  5:16  Marine x2  
  70  5:24  Engineering Bay  
  70  5:25  Engineering Bay  
  70  5:26  SCV x2, Siege Tank  
  75  5:32  Orbital Command  
  74  5:37  Barracks Tech Lab x2  
  74  5:38  SCV  
  74  5:41  Banshee  
  78  5:47  SCV  
  76  5:56  SCV, Terran Infantry Weapons Level 1, Terran Infantry Armor Level 1  
  76  5:58  Orbital Command, Marine  
  76  5:59  Marauder x2  
  76  6:06  Siege Tank  
  76  6:09  SCV  
  71  6:12  Marine  
  72  6:19  Marine  
  72  6:20  Marauder  
  75  6:29  Marauder  
  71  6:34  SCV x2  
  71  6:35  Marine  
  71  6:36  Stimpack  
  66  6:42  Marauder  
  66  6:46  SCV  
  68  6:48  Combat Shield  
  68  6:49  SCV  
  68  6:50  Marine  
  68  6:51  Siege Tank  
  68  6:53  Marine  
  68  6:54  SCV  
  72  6:58  SCV  
  73  7:01  SCV  
  73  7:06  SCV  
  75  7:09  Barracks  
  75  7:10  SCV, Barracks  
  75  7:13  SCV  
  77  7:18  SCV  
  82  7:22  Marauder  
  82  7:23  Marauder  
  82  7:24  Marine x2  
  82  7:28  SCV, Starport Reactor  
  85  7:30  Armory  
  85  7:31  SCV x2  
  90  7:41  SCV  
  90  7:42  Marine  
  90  7:43  SCV x2  
  93  7:44  Marauder  
  93  7:47  Factory Reactor  
  93  7:49  Supply Depot  
  93  7:50  Supply Depot  
  93  7:53  SCV, Marauder  
  93  7:55  SCV x2  
  98  7:59  Refinery x2  
  98  8:00  Marine  
  98  8:02  Barracks Reactor  
  101  8:05  Marauder  
  101  8:07  Supply Depot  
  101  8:08  Supply Depot  
  101  8:10  Supply Depot  
  101  8:11  SCV x2, Medivac x2  
  107  8:15  Marine, Marauder x2  
  107  8:16  Concussive Shells  
  107  8:18  SCV  
  113  8:23  SCV x2  
  113  8:25  Marine  
  116  8:29  Widow Mine x2, Marauder  
  116  8:31  SCV  
  123  8:35  SCV x2  
  125  8:42  Marine  
  125  8:43  SCV, Marine, Marauder x2  
  125  8:46  Marine  
  125  8:47  SCV  
  134  8:50  Marauder  
  134  8:51  Marine  
  134  8:54  Widow Mine x2  
  141  8:56  Medivac  
  141  8:58  Supply Depot  
  141  9:00  Marine x2, Supply Depot  
  141  9:02  Supply Depot  
  141  9:03  Medivac  
  141  9:04  Marauder  
  141  9:08  Marine  
  141  9:14  Marauder  
  141  9:15  Marauder  
  130  9:26  Marauder  
  130  9:30  SCV  
  125  9:32  Marine  
  125  9:33  Widow Mine x2  
  125  9:36  Marauder x2  
  127  9:39  Marine x2  
  127  9:42  Marine  
  127  9:44  Command Center  
  130  9:45  Medivac  
  130  9:46  Medivac  
  130  9:47  Marauder  
  130  9:50  Marine  
  134  9:56  Fusion Core, Starport  
  134  9:57  Marauder  
  136  10:04  Marine, Marauder  
  136  10:06  Marine  
  136  10:07  Marine x2  
  140  10:08  Widow Mine x2  
Show
View Real Time Build Order
Export as new Build Order

ZESTisBEST Protoss 

Build Orders: 1 Gate Expand, Blink Stalkers 

Get SALT Encoding   

  12  0:01  Probe  
  13  0:13  Probe  
  14  0:20  Pylon  
  14  0:23  Probe  
  15  0:34  Probe  
  15  0:40  Gateway  
  16  0:43  Probe  
  16  0:47  Assimilator  
  17  0:55  Probe  
  18  1:07  Probe  
  19  1:19  Probe  
  20  1:28  Nexus  
  20  1:36  Cybernetics Core  
  20  1:38  Probe  
  21  1:43  Assimilator  
  21  1:52  Pylon  
  22  1:54  Probe  
  22  2:03  Warp Gate, Stalker  
  22  2:06  Probe  
  25  2:18  Probe  
  26  2:30  Probe  
  26  2:34  Twilight Council  
  26  2:39  Stalker  
  26  2:40  Probe  
  26  2:42  Probe  
  30  2:48  Probe  
  30  2:54  Probe  
  30  2:56  Probe  
  32  3:01  Blink  
  33  3:06  Probe  
  33  3:08  Probe  
  37  3:19  Probe  
  35  3:20  Gateway  
  35  3:23  Gateway  
  35  3:27  Probe  
  35  3:31  Probe, Stalker  
  39  3:38  Assimilator  
  39  3:39  Probe  
  40  3:43  Probe  
  40  3:44  Pylon  
  41  3:54  Robotics Facility  
  41  3:56  Probe  
  41  3:57  Probe  
  43  4:09  Probe x2  
  45  4:18  Stalker x3  
  45  4:21  Probe x2  
  53  4:28  Pylon  
  53  4:33  Probe, Pylon  
  54  4:39  Observer  
  54  4:46  Probe x2  
  54  4:48  Stalker x2  
  54  4:51  Pylon  
  60  5:01  Stalker  
  60  5:02  Observer  
  63  5:07  Pylon  
  63  5:13  Nexus  
  63  5:15  Charge  
  63  5:21  Stalker x2  
  64  5:27  Probe  
  63  5:30  Probe  
  62  5:40  Stalker  
  62  5:41  Probe  
  65  5:43  Probe  
  64  5:52  Stalker x2  
  67  6:06  Probe  
  67  6:07  Stalker  
  67  6:09  Probe, Observer  
  63  6:15  Stalker  
  63  6:16  Stalker  
  63  6:18  Probe  
  66  6:21  Probe  
  66  6:24  Probe  
  66  6:28  Probe  
  66  6:31  Probe  
  65  6:37  Probe x2  
  56  6:45  Probe  
  57  6:57  Probe  
  58  7:02  Probe  
  58  7:03  Probe  
  58  7:07  Gateway x2  
  58  7:08  Probe  
  60  7:09  Observer  
  60  7:10  Probe  
  63  7:17  Gateway x2, Observer  
  63  7:26  Gateway, Pylon  
  63  7:28  Probe, Pylon  
  63  7:30  Pylon  
  64  7:37  Forge  
  64  7:42  Forge  
  64  7:43  Probe  
  65  7:44  Probe x2  
  66  7:53  Stalker x2  
  66  7:55  Probe, Stalker  
  66  7:57  Probe x2  
  75  8:02  Sentry  
  77  8:08  Zealot  
  77  8:11  Probe  
  77  8:12  Pylon x2  
  80  8:16  Probe  
  80  8:18  Protoss Ground Weapons Level 1, Protoss Ground Armor Level 1  
  80  8:22  Probe  
  80  8:24  Zealot x6  
  91  8:37  Zealot x2  
  95  8:43  Pylon  
  95  8:45  Pylon  
  95  8:47  Pylon, Warp Prism  
  95  8:57  Zealot x4  
  95  9:02  Zealot x2  
  102  9:08  Zealot x2  
  94  9:19  Zealot x3  
  94  9:20  Zealot  
  94  9:24  Stalker  
  84  9:28  Zealot  
  84  9:30  Probe x2  
  70  9:36  Stalker  
  70  9:38  Probe  
  71  9:52  Nexus  
  70  9:56  Templar Archives  
  70  10:01  Zealot x2  
  70  10:03  Sentry  
  70  10:07  Zealot  
  78  10:09  Sentry x3  
  78  10:12  Probe x2  
  86  10:16  Zealot  
  80  10:22  Zealot x2  
  80  10:27  Zealot x2  
Tags
 
Add a new tag
Caveats
  • Supply blocks, unpowered buildings, or Contaminate may cause inaccurate times.
  • Supply counts are checked every 10 seconds.